3AAA
LÉVIS ROCKS @ MILTON BILLS
09/01/2017
 
TOP OF THE 1ST
Lévis Rocks batting - Pitching for Milton Bills : RHP Louis McDowell
Pitching: RHP Louis McDowell
Batting: RHB Jim Unknown 0-0: SOLO HOME RUN (Flyball, 7D), Distance : 400 ft
Batting: RHB Bernardo Burgos 0-0: Foul Ball, location: 2F
0-1: Ball
1-1: Swinging Strike
1-2: Ball
2-2: Strikes out swinging
Batting: RHB Dan Holliday 0-0: Ball
1-0: Ground out U3 (Groundball, 3L)
Batting: RHB Ernie McPherson 0-0: Called Strike
0-1: Swinging Strike
0-2: Fly out, F6 (Line Drive, 6)
Top of the 1st over - 1 run(s), 1 hit(s), 0 error(s), 0 left on base; Lévis 1 - Milton 0
BOTTOM OF THE 1ST
Milton Bills batting - Pitching for Lévis Rocks : RHP Jim Unknown
Pitching: RHP Jim Unknown
Batting: LHB Lance Schiffer 0-0: Called Strike
0-1: Ball
1-1: Ball
2-1: Bunt for hit - play at first, batter OUT! 1-3
Batting: RHB Steve McLeod 0-0: Ball
1-0: Ball
2-0: Called Strike
2-1: Called Strike
2-2: Strikes out swinging
Batting: RHB Shane Franklin 0-0: Ball
1-0: Ball
2-0: Ground out 4-3 (Groundball, 34)
Bottom of the 1st over - 0 run(s), 0 hit(s), 0 error(s), 0 left on base; Lévis 1 - Milton 0
TOP OF THE 2ND
Lévis Rocks batting - Pitching for Milton Bills : RHP Louis McDowell
Batting: RHB Jim Unknown 0-0: Ball
1-0: Called Strike
1-1: Foul Ball, location: 2F
1-2: Foul Ball, location: 2F
1-2: Ground out 4-3 (Groundball, 4M)
Batting: RHB Jim Unknown 0-0: Ball
1-0: Ball
2-0: Called Strike
2-1: Foul Ball, location: 2F
2-2: Foul Ball, location: 2F
2-2: SOLO HOME RUN (Line Drive, 8LXD), Distance : 467 ft
Batting: SHB Monte Adams 0-0: Ball
1-0: Ball
2-0: Ball
3-0: Called Strike
3-1: Base on Balls
Batting: LHB Jim Unknown 0-0: Ball
1-0: Fielders Choice at 2nd, 1-6 (Groundball, 15S)
Batting: LHB Jim Unknown 0-0: Called Strike
0-1: Foul Ball, location: 2F
0-2: Foul Ball, location: 2F
0-2: Ball
1-2: Strikes out swinging
Top of the 2nd over - 1 run(s), 1 hit(s), 0 error(s), 1 left on base; Lévis 2 - Milton 0
BOTTOM OF THE 2ND
Milton Bills batting - Pitching for Lévis Rocks : RHP Jim Unknown
Batting: SHB Al Anderson 0-0: Ball
1-0: Foul Ball, location: 2F
1-1: Ground out 3-1 (Groundball, 3L)
Batting: RHB Alden Wiley 0-0: Foul Ball, location: 2F
0-1: Reached on error, E6 (Groundball, 6M)
Batting: LHB Jason Adair 0-0: Foul Ball, location: 2F
0-1: Swinging Strike
0-2: Fly out, F7 (Flyball, 7LS)
Batting: RHB Pedro Sánchez 0-0: Ground out 5-3 (Groundball, 56S)
Bottom of the 2nd over - 0 run(s), 0 hit(s), 1 error(s), 1 left on base; Lévis 2 - Milton 0
TOP OF THE 3RD
Lévis Rocks batting - Pitching for Milton Bills : RHP Louis McDowell
Batting: RHB Jim Unknown 0-0: SINGLE (Groundball, 56D)
Batting: RHB Bernardo Burgos 0-0: Called Strike
0-1: Foul Ball, location: 2F
0-2: DOUBLE (Line Drive, 9LS)
Jim Unknown to third
Batting: RHB Dan Holliday 0-0: Ball
1-0: Ball
2-0: Foul Ball, location: 2F
2-1: Swinging Strike
2-2: Ground out 4-3 (Groundball, 4)
Jim Unknown scores
Bernardo Burgos to third
Batting: RHB Ernie McPherson 0-0: Ball
1-0: Called Strike
1-1: Foul Ball, location: 2F
1-2: Ground out 6-3 (Groundball, 6)
Bernardo Burgos scores
Batting: RHB Jim Unknown 0-0: Ball
1-0: Ball
2-0: Foul Ball, location: 2F
2-1: Fly out, F6 (Line Drive, 6)
Top of the 3rd over - 2 run(s), 2 hit(s), 0 error(s), 0 left on base; Lévis 4 - Milton 0
BOTTOM OF THE 3RD
Milton Bills batting - Pitching for Lévis Rocks : RHP Jim Unknown
Batting: RHB Luis Silva 0-0: Called Strike
0-1: Fly out, F9 (Flyball, 89M)
Batting: RHB Roberto Andrade 0-0: Ground out 5-3 (Groundball, 5)
Batting: LHB Lance Schiffer 0-0: Bunt missed!
0-1: Foul Ball, location: 2F
0-2: Ball
1-2: Ground out 4-3 (Groundball, 4)
Bottom of the 3rd over - 0 run(s), 0 hit(s), 0 error(s), 0 left on base; Lévis 4 - Milton 0
TOP OF THE 4TH
Lévis Rocks batting - Pitching for Milton Bills : RHP Louis McDowell
Batting: RHB Jim Unknown 0-0: Called Strike
0-1: Swinging Strike
0-2: Ball
1-2: Strikes out swinging
Batting: SHB Monte Adams 0-0: Called Strike
0-1: Foul Ball, location: 2F
0-2: Strikes out swinging
Batting: LHB Jim Unknown 0-0: Ground out 4-3 (Groundball, 4)
Top of the 4th over - 0 run(s), 0 hit(s), 0 error(s), 0 left on base; Lévis 4 - Milton 0
BOTTOM OF THE 4TH
Milton Bills batting - Pitching for Lévis Rocks : RHP Jim Unknown
Batting: RHB Steve McLeod 0-0: Ball
1-0: Swinging Strike
1-1: Ball
2-1: Ball
3-1: Base on Balls
Batting: RHB Shane Franklin 0-0: Ball
1-0: Foul Ball, location: 2F
1-1: Grounds into double play, 4-6-3 (Groundball, 4)
Batting: SHB Al Anderson 0-0: Ball
1-0: Ball
2-0: Fly out, F7 (Line Drive, 8LXD)
Bottom of the 4th over - 0 run(s), 0 hit(s), 0 error(s), 0 left on base; Lévis 4 - Milton 0
TOP OF THE 5TH
Lévis Rocks batting - Pitching for Milton Bills : RHP Louis McDowell
Batting: LHB Jim Unknown 0-0: Foul Ball, location: 2F
0-1: Ball
1-1: Ball
2-1: Foul Ball, location: 2F
2-2: Ball
3-2: Foul Ball, location: 2F
3-2: Foul Ball, location: 2F
3-2: Strikes out looking
Batting: RHB Jim Unknown 0-0: Ball
1-0: Fly out, F9 (Flyball, 9M)
Batting: RHB Bernardo Burgos 0-0: Swinging Strike
0-1: SOLO HOME RUN (Flyball, 89XD), Distance : 432 ft
Pitching: RHP Mauro Marín
Batting: RHB Dan Holliday 0-0: Ground out 5-3 (Groundball, 5L)
Top of the 5th over - 1 run(s), 1 hit(s), 0 error(s), 0 left on base; Lévis 5 - Milton 0
BOTTOM OF THE 5TH
Milton Bills batting - Pitching for Lévis Rocks : RHP Jim Unknown
Batting: RHB Alden Wiley 0-0: Called Strike
0-1: Ground out 6-3 (Groundball, 6)
Batting: LHB Jason Adair 0-0: Called Strike
0-1: SINGLE (Groundball, 3D)
Batting: RHB Pedro Sánchez 0-0: Ball
1-0: Grounds into double play, 4-6-3 (Groundball, 34)
Bottom of the 5th over - 0 run(s), 1 hit(s), 0 error(s), 0 left on base; Lévis 5 - Milton 0
TOP OF THE 6TH
Lévis Rocks batting - Pitching for Milton Bills : RHP Mauro Marín
Batting: RHB Ernie McPherson 0-0: Called Strike
0-1: Foul Ball, location: 2F
0-2: Ball
1-2: Ball
2-2: Ground out 5-3 (Groundball, 5S)
Batting: RHB Jim Unknown 0-0: Called Strike
0-1: Ball
1-1: Ball
2-1: Swinging Strike
2-2: Foul Ball, location: 2F
2-2: Strikes out looking
Batting: RHB Jim Unknown 0-0: Called Strike
0-1: Called Strike
0-2: Strikes out swinging
Top of the 6th over - 0 run(s), 0 hit(s), 0 error(s), 0 left on base; Lévis 5 - Milton 0
BOTTOM OF THE 6TH
Milton Bills batting - Pitching for Lévis Rocks : RHP Jim Unknown
Batting: RHB Luis Silva 0-0: Called Strike
0-1: Ball
1-1: Ball
2-1: DOUBLE (Line Drive, 9LS)
Batting: RHB Roberto Andrade 0-0: Called Strike
0-1: Ball
1-1: Ball
2-1: Swinging Strike
2-2: Ball
3-2: Strikes out swinging
Batting: LHB Lance Schiffer 0-0: Called Strike
0-1: Ball
1-1: Foul Ball, location: 2F
1-2: Fly out, F3 (Popup, 34)
Batting: RHB Steve McLeod 0-0: Foul Ball, location: 2F
0-1: Swinging Strike
0-2: SINGLE (Groundball, 56D)
Luis Silva to third
Throwing error, E7
Luis Silva scores
Steve McLeod to second
Batting: RHB Shane Franklin 0-0: Swinging Strike
Reached via error on a dropped throw, E3
Steve McLeod to third
Batting: SHB Al Anderson 0-0: Foul Ball, location: 2F
0-1: Foul Ball, location: 2F
0-2: SINGLE (Line Drive, 56D)
Steve McLeod scores
Shane Franklin to second
Batting: RHB Alden Wiley 0-0: Ball
1-0: Fly out, F7 (Flyball, 7LS)
Bottom of the 6th over - 2 run(s), 3 hit(s), 2 error(s), 2 left on base; Lévis 5 - Milton 2
TOP OF THE 7TH
Lévis Rocks batting - Pitching for Milton Bills : RHP Mauro Marín
Batting: SHB Monte Adams 0-0: Ball
1-0: Foul Ball, location: 2F
1-1: Ball
2-1: Foul Ball, location: 2F
2-2: Foul Ball, location: 2F
2-2: Foul Ball, location: 2F
2-2: Ball
3-2: Ground out 6-3 (Groundball, 6M)
Batting: LHB Jim Unknown 0-0: Ball
1-0: Ball
2-0: Ball
3-0: Called Strike
3-1: Base on Balls
Batting: LHB Jim Unknown 0-0: Called Strike
0-1: Ball
1-1: Called Strike
1-2: Strikes out swinging
Batting: RHB Jim Unknown 0-0: Ball
1-0: Fly out, F8 (Popup, 6MD)
Top of the 7th over - 0 run(s), 0 hit(s), 0 error(s), 1 left on base; Lévis 5 - Milton 2
BOTTOM OF THE 7TH
Milton Bills batting - Pitching for Lévis Rocks : RHP Jim Unknown
Batting: LHB Jason Adair 0-0: Ball
1-0: SINGLE (Flyball, 7S)
Batting: RHB Pedro Sánchez 0-0: Called Strike
0-1: DOUBLE (Flyball, 89D)
Jason Adair to third
Batting: RHB Luis Silva 0-0: Fly out, F4 (Popup, 9LM)
Batting: RHB Roberto Andrade 0-0: Ball
1-0: Swinging Strike
1-1: Called Strike
1-2: Foul Ball, location: 2F
1-2: SINGLE (Groundball, 3L)
Jason Adair scores
Pedro Sánchez to third
Runner from 3rd tries for Home, SAFE, throw made home
Roberto Andrade to second
Batting: LHB Lance Schiffer 0-0: Ball
1-0: Ground out 4-3 (Groundball, 4M)
Roberto Andrade to third
Pinch Hitting: LHB Monte Pollard 0-0: Ball
1-0: Swinging Strike
1-1: Ball
2-1: Foul Ball, location: 2F
2-2: Foul Ball, location: 2F
2-2: Ball
3-2: Base on Balls
Batting: RHB Shane Franklin 0-0: Ground out 4-3 (Groundball, 4)
Bottom of the 7th over - 2 run(s), 3 hit(s), 0 error(s), 2 left on base; Lévis 5 - Milton 4
TOP OF THE 8TH
Lévis Rocks batting - Pitching for Milton Bills : RHP Mauro Marín
Pitching: RHP Rory Robinson
Now in LF: Jim Unknown
Batting: RHB Bernardo Burgos 0-0: Ball
1-0: Foul Ball, location: 2F
1-1: Ball
2-1: Ball
3-1: Foul Ball, location: 2F
3-2: Ground out 1-3 (Groundball, 13)
Batting: RHB Dan Holliday 0-0: Ball
1-0: Foul Ball, location: 2F
1-1: Foul Ball, location: 2F
1-2: Foul Ball, location: 2F
1-2: Foul Ball, location: 2F
1-2: Strikes out swinging
Batting: RHB Ernie McPherson 0-0: Ball
1-0: Ball
2-0: Ground out 5-3 (Groundball, 5S)
Top of the 8th over - 0 run(s), 0 hit(s), 0 error(s), 0 left on base; Lévis 5 - Milton 4
BOTTOM OF THE 8TH
Milton Bills batting - Pitching for Lévis Rocks : RHP Jim Unknown
Batting: SHB Al Anderson 0-0: Called Strike
0-1: Ball
1-1: Ball
2-1: Foul Ball, location: 2F
2-2: Ball
3-2: Fly out, F5 (Popup, 5F)
Batting: RHB Alden Wiley 0-0: Called Strike
0-1: Ball
1-1: Ball
2-1: Fly out, F9 (Flyball, 9M)
Batting: LHB Jason Adair 0-0: Foul Ball, location: 2F
0-1: Called Strike
0-2: Ground out 2-3 (Groundball, 2L)
Bottom of the 8th over - 0 run(s), 0 hit(s), 0 error(s), 0 left on base; Lévis 5 - Milton 4
TOP OF THE 9TH
Lévis Rocks batting - Pitching for Milton Bills : RHP Rory Robinson
Pitching: RHP Luke Merkley
Batting: RHB Jim Unknown 0-0: Ball
1-0: Ball
2-0: Called Strike
2-1: Foul Ball, location: 2F
2-2: Foul Ball, location: 2F
2-2: Ball
3-2: Strikes out swinging
Batting: RHB Jim Unknown 0-0: Called Strike
0-1: Fly out, F8 (Line Drive, 8RM)
Batting: SHB Monte Adams 0-0: Fly out, F7 (Flyball, 78S)
Top of the 9th over - 0 run(s), 0 hit(s), 0 error(s), 0 left on base; Lévis 5 - Milton 4
BOTTOM OF THE 9TH
Milton Bills batting - Pitching for Lévis Rocks : RHP Jim Unknown
Pitching: RHP Jim Unknown
Pinch Hitting: LHB Vincente Bruno 0-0: Ball
1-0: Ball
2-0: DOUBLE (Flyball, 8LD)
Batting: RHB Luis Silva 0-0: Called Strike
0-1: SINGLE (Line Drive, 4MD)
Vincente Bruno to third
Pinch Hitting: RHB Lindsay Scott 0-0: Ground out 6-3 (Groundball, 6)
Luis Silva to second
Batting: LHB Lance Schiffer 0-0: Called Strike
0-1: Fly out, F4 (Popup, 34D)
Batting: RHB Jim Unknown 0-0: Ball
1-0: Foul Ball, location: 2F
1-1: Called Strike
1-2: Ground out 5-3 (Groundball, 15S)
Bottom of the 9th over - 0 run(s), 2 hit(s), 0 error(s), 2 left on base; Lévis 5 - Milton 4
This league is powered by Out of the Park Baseball, the baseball management simulation game for PC, Mac and Linux
Saturday, February 27th, 2021 - OOTP Baseball 15.6 Build 34